 Dungeon Sprint DCSS version 0.22.1-2-g9c5b331 (webtiles) character file.

2244 diana the Martial Artist (level 8, -5/82 HPs)
             Began as a Demigod Transmuter on Dec 9, 2018.
             Slain by a spiny frog (14 damage)
             ... in the Dungeon (Sprint IX: "|||||||||||||||||||||||||||||").
             The game lasted 00:03:25 (856 turns).

diana the Martial Artist (Demigod Transmuter)        Turns: 856, Time: 00:03:25

Health: -5/82      AC: 12    Str: 18    XL:     8   Next: 92%
Magic:  14/16      EV:  7    Int: 19    God:
Gold:   9          SH:  0    Dex: 16    Spells: 12/13 levels left

rFire    . . .     SeeInvis .     - Unarmed
rCold    . . .     Gourm    .   (no shield)
rNeg     . . .     Faith    .   p - +1 chain mail
rPois    .         Spirit   .   q - +0 helmet
rElec    .         Reflect  .   (no cloak)
rCorr    .         Harm     .   (no gloves)
MR       .....     NoTele   +   (no boots)
Stlth    ..........             (no amulet)
HPRegen  0.23/turn              n - +2 ring of protection
MPRegen  0.15/turn              o - +3 ring of strength

@: no status effects
A: high mp 1
a: no special abilities


You were in the Dungeon.
You were not hungry.

You visited 1 branch You collected 9 gold pieces.

Inventory:

Hand Weapons
 s - a +2 scimitar of flaming
Missiles
 a - 12 arrows
Armour
 b - a +0 robe
 p - a +1 chain mail (worn)
 q - a +0 helmet (worn)
 r - a +0 helmet
Jewellery
 n - a +2 ring of protection (left hand)
 o - a +3 ring of strength (right hand)
Wands
 m - a wand of iceblast (10)
Scrolls
 j - 2 scrolls of blinking
 k - 4 scrolls of remove curse
 l - 2 scrolls of amnesia
 t - 2 scrolls of fear
 u - 2 scrolls of enchant armour
 v - a scroll of identify
Potions
 c - a potion of invisibility
 e - 4 potions of curing
 f - a potion of berserk rage
 g - a potion of haste
 h - 4 potions of magic
 i - 6 potions of heal wounds
Comestibles
 d - a ration


   Skills:
 + Level 11.0 Fighting
 - Level 1.7 Dodging
 - Level 14.6 Unarmed Combat
 + Level 3.3 Spellcasting
 + Level 3.5 Transmutations


You had 12 spell levels left.
You knew the following spells:

 Your Spells              Type           Power        Failure   Level  Hunger
a - Beastly Appendage     Tmut           ###...       50%         1    None

Your spell library contained the following spells:

 Spells                   Type           Power        Failure   Level  Hunger
 Sticks to Snakes         Tmut           ###.....     65%         2    ##.....
 Spider Form              Tmut/Pois      #.........   98%         3    ###....
 Ice Form                 Ice/Tmut       #.......     100%        4    ####...
 Blade Hands              Tmut           ###.......   100%        5    ######.


Dungeon Overview and Level Annotations

Branches:
Dungeon (1/1)


Innate Abilities, Weirdness & Mutations

You have an increased reservoir of magic. (+10% MP)


Message History

You kill the crocodile!
Your chain mail prevents you from hitting the spiny frog.
The spiny frog stings you!
You are poisoned.
The spiny frog poisons you!
You feel better. The spiny frog closely misses you.
You closely miss the spiny frog. The spiny frog stings you!!
* * * LOW HITPOINT WARNING * * *
A komodo dragon comes into view.
The komodo dragon hisses angrily.
You punch the spiny frog!
The spiny frog is heavily wounded.
The spiny frog stings you!!
* * * LOW HITPOINT WARNING * * *
You are lethally poisoned!
The spiny frog poisons you!
You feel better.
The spiny frog stings you but does no damage.
The spiny frog stings you!
You die...

▓_▓.▓l▓
▓_▓.▓F▓
▓_▓.▓F▓
▓_▓.▓F▓
▓_▓.▓S▓
▓_▓.▓.▓
▓_▓.▓r▓
▓_▓.▓F▓
▓_▓.▓@▓
▓_▓.▓.▓
▓_▓.▓.▓
▓'▓.▓.▓
▓.▓.▓.▓
▓.▓.▓[▓
▓.▓.▓)▓
▓.▓.▓.▓
▓÷▓.▓.▓


You could see 4 spiny frogs, a water moccasin and a porcupine.

Vanquished Creatures
  A two-headed ogre (D)
  A gargoyle (D)
  A spiny frog (D)
  A troll (D)
  2 yaks (D)
  An acid dragon (D)
  2 ogres (D)
  A crocodile (D)
  A crimson imp (D)
  A hound (D)
  2 jellies (D)
  An orc wizard (D)
  An adder (D)
  A leopard gecko (D)
  A quokka (D)
  A ball python (D)
  2 bats (D)
  A frilled lizard (D)
  A goblin (D)
  A kobold (D)
24 creatures vanquished.

Notes
Turn   | Place    | Note
-------+----------+-------------------------------------------
     0 | D        | diana the Demigod Transmuter began the quest for the Orb.
     0 | D        | Reached XP level 1. HP: 15/15 MP: 5/5
     0 | D        | Banished a spatial maelstrom
    25 | D        | Reached skill level 1 in Fighting
    25 | D        | Reached skill level 3 in Unarmed Combat
    44 | D        | Noticed a jelly
    44 | D        | Noticed a jelly
    55 | D        | Killed a jelly
    55 | D        | Reached skill level 5 in Unarmed Combat
    55 | D        | Reached XP level 2. HP: 26/26 MP: 5/7
    55 | D        | Reached XP level 3. HP: 31/31 MP: 5/8
    64 | D        | Reached skill level 6 in Unarmed Combat
    70 | D        | Found a roughly hewn altar of Beogh.
    70 | D        | Found a snail-covered altar of Cheibriados.
    70 | D        | Found a shadowy altar of Dithmenos.
    70 | D        | Found a white marble altar of Elyvilon.
    70 | D        | Found a blossoming altar of Fedhas.
    70 | D        | Found an opulent altar of Gozag.
    71 | D        | Found a hazy altar of Hepliaklqana.
    72 | D        | Found a viscous altar of Jiyva.
    73 | D        | Found an ancient bone altar of Kikubaaqudgha.
    74 | D        | Found a corrupted altar of Lugonu.
    75 | D        | Found a burning altar of Makhleb.
    76 | D        | Found a sparkling altar of Nemelex Xobeh.
    77 | D        | Found an iron altar of Okawaru.
    78 | D        | Found a stormy altar of Qazlal.
    79 | D        | Found a sacrificial altar of Ru.
    80 | D        | Found a deep blue altar of Sif Muna.
    81 | D        | Found a bloodstained altar of Trog.
    82 | D        | Found a hide-covered altar of Uskayaw.
    83 | D        | Found a radiant altar of Vehumet.
    84 | D        | Found an ornate altar of the Wu Jian Council.
    85 | D        | Found a shimmering altar of Xom.
    86 | D        | Found a basalt altar of Yredelemnul.
    87 | D        | Found a glowing silver altar of Zin.
    88 | D        | Found a glowing golden altar of the Shining One.
   166 | D        | Noticed an ogre
   166 | D        | Noticed an ogre
   166 | D        | Noticed a troll
   166 | D        | Noticed a two-headed ogre
   230 | D        | Killed a two-headed ogre
   230 | D        | Reached skill level 12 in Unarmed Combat
   230 | D        | Reached XP level 4. HP: 49/49 MP: 9/9
   230 | D        | Reached XP level 5. HP: 56/56 MP: 10/10
   230 | D        | Reached XP level 6. HP: 62/62 MP: 11/11
   230 | D        | Reached XP level 7. HP: 69/69 MP: 12/12
   239 | D        | Killed a troll
   241 | D        | Reached skill level 13 in Unarmed Combat
   409 | D        | Noticed a gargoyle
   409 | D        | Noticed a yak
   409 | D        | Noticed a yak
   414 | D        | Killed a yak
   414 | D        | Reached XP level 8. HP: 66/79 MP: 13/13
   426 | D        | Reached skill level 10 in Fighting
   433 | D        | Killed a gargoyle
   433 | D        | Reached skill level 14 in Unarmed Combat
   842 | D        | Noticed a spiny frog
   842 | D        | Noticed a spiny frog
   842 | D        | Noticed a spiny frog
   843 | D        | Noticed a spiny frog
   846 | D        | Killed a spiny frog
   849 | D        | Noticed a spiny frog
   853 | D        | Noticed a komodo dragon
   854 | D        | HP: 3/82 [spiny frog (19)]
   856 | D        | Slain by a spiny frog

Skill      XL: |  1  2  3  4  5  6  7  8 |
---------------+-------------------------+-----
Fighting       | 3 8 9 11 | 11.0
Unarmed Combat | 5 12 13 14 | 14.6
Spellcasting   | 3 |  3.3
Transmutations | 3 |  3.5
Dodging        | |  1.7

Action                   |  1- 3 |  4- 6 |  7- 9 || total
-------------------------+-------+-------+-------++-------
Melee: Unarmed           |    37 |       |    60 ||    97
       Kick              |     2 |       |       ||     2
       Headbutt          |     3 |       |       ||     3
       Punch             |     1 |       |     2 ||     3
 Cast: Beastly Appendage |     2 |       |       ||     2
  Use: Potion            |     3 |       |     3 ||     6
 Stab: Sleeping          |     1 |       |       ||     1
Armor: Robe              |     3 |       |       ||     3
       Chain mail        |     5 |       |    16 ||    21
Dodge: Dodged            |    24 |       |    15 ||    39
